 Dungeon Crawl Stone Soup version 0.31-a0-188-g5e087ee2ca (webtiles) character file.

Game seed: 10929832685683599453

2 qw the Shooter (level 1, 0/12 HPs)
             Began as a Deep Elf Hunter on June 23, 2023.
             Slain by a jackal (3 damage)
             ... on level 1 of the Dungeon.
             The game lasted 00:00:01 (34 turns).

qw the Shooter (Deep Elf Hunter)                      Turns: 34, Time: 00:00:01

Health: 0/12       AC:  3    Str:  8    XL:     1   Next: 33%
Magic:  3/3        EV: 12    Int: 13    God:
Gold:   0          SH:  0    Dex: 18    Spells: 0/0 levels left

rFire   . . .        a - +0 shortbow
rCold   . . .        (shield currently unavailable)
rNeg    . . .        c - +0 leather armour
rPois   .            (no helmet)
rElec   .            (no cloak)
rCorr   .            (no gloves)
SInv    .            (no boots)
Will    .....        (no amulet)
Stlth   ++           (no ring)
HPRegen 0.22/turn    (no ring)
MPRegen 0.08/turn

%: no passive effects
@: no status effects
A: no striking features
a: no special abilities


You were on level 1 of the Dungeon.
You visited 1 branch of the dungeon, and saw 1 of its levels.


   Skills:
 - Level 1.5 Fighting
 + Level 5.5 Ranged Weapons
 - Level 2.4 Dodging
 - Level 1.2 Stealth


You couldn't memorise any spells.
You didn't know any spells.
Your spell library was empty.

Inventory:

Hand Weapons
 a - a +0 shortbow (weapon)
Armour
 c - a +0 leather armour (worn)
Scrolls
 b - a scroll of butterflies

Dungeon Overview and Level Annotations

Branches:
Dungeon (1/15)

Altars:


Message History

Options error: Missing colour in message_colour setting: 'then' x2
Waypoint 0 assigned to D:1.
0 ||| PLANNING D:1-11 2 jackals come into view.
The jackal barks!
You hear a bark!
A jackal comes into view.
The jackal moves out of view.
A jackal comes into view.
You shoot an arrow. The jackal barks!
The arrow hits the jackal.
The jackal is heavily wounded.
A kobold comes into view. It is wielding a +0 club.
The jackal moves out of view.
You shoot an arrow. The arrow closely misses the jackal.
The jackal bites you. The jackal barely misses you.
You shoot an arrow. The arrow barely misses the jackal.
The jackal barely misses you.
You shoot an arrow. The arrow barely misses the jackal.
The jackal bites you. The jackal closely misses you. x2
You shoot an arrow. The arrow hits the jackal!
You kill the jackal!
The jackal barely misses you. x3
You shoot an arrow. The arrow closely misses the jackal.
The jackal closely misses you. The jackal completely misses you.
The jackal barely misses you. The jackal bites you.
The kobold hits you but does no damage.
The jackal bites you but does no damage.
You shoot an arrow. The arrow hits the jackal!
You kill the jackal!
The jackal misses you. The jackal closely misses you.
The jackal barely misses you. The kobold hits you with a +0 club.
You shoot an arrow. The arrow closely misses the kobold.
The jackal bites you. The jackal closely misses you.
The kobold hits you with a +0 club. The jackal barely misses you.
The jackal closely misses you.
You shoot an arrow. The arrow hits the kobold!
You kill the kobold!
The jackal bites you.
You die...

##..## #...## #.
##...## #..
#....######### #...
##....##.....##....
#......#####......
##.....## #.....#
#......###......#
##......#@)..^.#
#......hh%....#
.......#..........
...####.#.###......
#.. #+#.. ...... ##
.... .##### ......
. ....### # .....


You could see 2 jackals.

Vanquished Creatures
  2 jackals (D:1)
  A kobold (D:1)
3 creatures vanquished.

Notes
Turn   | Place    | Note
-------+----------+-------------------------------------------
     0 | D:1      | qw the Deep Elf Hunter began the quest for the Orb.
     0 | D:1      | Reached XP level 1. HP: 12/12 MP: 3/3
     0 | D:1      | 0 ||| qw: Version: 0.3-a-9-g12657ce
     0 | D:1      | 0 ||| qw: Game counter: 3491
     0 | D:1      | 0 ||| qw: Always use a shield: true
     0 | D:1      | 0 ||| qw: God list: Okawaru
     0 | D:1      | 0 ||| qw: Allow faded altars: false
     0 | D:1      | 0 ||| qw: Do Orc after D:15 true
     0 | D:1      | 0 ||| qw: Do second Lair branch before Depths: true
     0 | D:1      | 0 ||| qw: Lair rune preference: random
     0 | D:1      | 0 ||| qw: Plans: Normal
     0 | D:1      | 0 ||| PLANNING D:1-11
    33 | D:1      | HP: 2/12 [kobold/+0 club (3)]
    34 | D:1      | Slain by a jackal

Levels and vault maps discovered:
D:1:      minmay_arrival_pointy, layout_basic, serial_co_window_serial,
          co_window_of_opportunity_a, co_window_paths_a, co_window_corner_a,
          co_window_of_opportunity_a, co_window_of_opportunity_a,
          co_window_paths_b, co_window_paths_a, co_window_cross_3,
          co_window_unsneaky_path_b, co_window_corner_cb, co_window_paths_c,
          co_window_broadway_a, co_window_2corner, co_window_corner_cb,
          co_window_paths_d, glass_columns_a, glass_columns_a, glass_columns_c,
          glass_columns_b, glass_columns_a, serial_bayou_pond_e

Action                     || total
---------------------------++-------
   Fire: Shortbow          ||     9
 Armour: Leather armour    ||     2
  Dodge: Dodged            ||    16

Table legend:
 A = Non-vault XP
 B = Vault XP
 C = Vault XP percentage of total XP
 D = Non-vault monster count
 E = Vault monster count
 F = Vault count percentage of total count
                 A         B        C        D         E       F
            +---------+---------+-------+---------+---------+-------
      Total |       6 |       0 |   0.0 |       3 |       0 |   0.0
            +---------+---------+-------+---------+---------+-------
        D:1 |       6 |       0 |   0.0 |       3 |       0 |   0.0
            +---------+---------+-------+---------+---------+-------
